Map: Frost LE

Players

Neeb

  • Race: Protoss Protoss

Polt - Winner!

  • Race: Terran Terran

Event: 2016 WCS Summer Circuit Championship (DH Montreal)

VOD

Have the link to the VOD?

Description

Time

  • Played on: Aug. 14, 2016, 1:40 p.m.
  • Length: 12:14

All games in this series

Show
View Real Time Build Order
Export as new Build Order

Neeb Protoss 

Build Orders: 1 Gate Expand, Blink Stalkers 

Get SALT Encoding   

  12  0:00  Probe (Chrono Boost)  
  13  0:11  Probe (Chrono Boost)  
  14  0:17  Pylon  
  14  0:22  Probe (Chrono Boost)  
  15  0:35  Probe (Chrono Boost), Gateway  
  16  0:45  Probe (Chrono Boost)  
  17  0:50  Assimilator  
  17  0:56  Probe (Chrono Boost)  
  18  1:06  Probe (Chrono Boost)  
  19  1:18  Nexus  
  19  1:21  Probe (Chrono Boost)  
  20  1:30  Cybernetics Core  
  20  1:34  Probe (Chrono Boost)  
  20  1:39  Assimilator  
  21  1:45  Probe (Chrono Boost)  
  22  1:49  Pylon  
  22  1:55  Probe (Chrono Boost)  
  23  2:04  Adept  
  23  2:07  Warp Gate  
  26  2:09  Probe (Chrono Boost)  
  26  2:21  Probe (Chrono Boost)  
  27  2:30  Probe (Chrono Boost)  
  27  2:32  Mothership Core (Chrono Boost)  
  30  2:40  Twilight Council, Adept  
  30  2:42  Probe (Chrono Boost)  
  33  2:50  Probe (Chrono Boost)  
  34  2:54  Probe (Chrono Boost)  
  35  3:01  Probe (Chrono Boost)  
  35  3:04  Adept, Pylon  
  37  3:06  Probe (Chrono Boost)  
  37  3:11  Probe (Chrono Boost)  
  40  3:18  Probe (Chrono Boost)  
  41  3:22  Probe (Chrono Boost), Robotics Facility  
  42  3:29  Probe (Chrono Boost)  
  42  3:33  Probe (Chrono Boost), Gateway  
  44  3:35  Gateway  
  44  3:40  Probe (Chrono Boost)  
  45  3:44  Blink  
  45  3:48  Pylon  
  45  3:49  Probe (Chrono Boost)  
  45  3:53  Pylon  
  45  3:54  Probe (Chrono Boost)  
  47  4:01  Probe (Chrono Boost)  
  47  4:02  Pylon  
  48  4:05  Probe (Chrono Boost)  
  49  4:11  Probe (Chrono Boost), Adept  
  49  4:15  Probe (Chrono Boost)  
  53  4:22  Dark Shrine  
  53  4:27  Probe (Chrono Boost)  
  53  4:31  Probe (Chrono Boost)  
  48  4:32  Adept  
  48  4:33  Adept  
  48  4:38  Probe (Chrono Boost)  
  48  4:41  Probe (Chrono Boost)  
  46  4:47  Warp Prism  
  46  4:49  Probe (Chrono Boost)  
  50  5:02  Stalker  
  50  5:05  Stalker  
  51  5:12  Probe (Chrono Boost)  
  51  5:13  Probe (Chrono Boost)  
  53  5:22  Probe (Chrono Boost)  
  53  5:25  Probe (Chrono Boost)  
  53  5:26  Stalker  
  57  5:33  Probe (Chrono Boost), Pylon  
  58  5:38  Probe (Chrono Boost)  
  58  5:39  Assimilator  
  59  5:43  Probe (Chrono Boost)  
  59  5:45  Resonating Glaives  
  59  5:49  Dark Templar  
  63  5:50  Probe (Chrono Boost)  
  63  5:54  Probe (Chrono Boost)  
  63  5:56  Dark Templar  
  66  6:02  Probe (Chrono Boost)  
  67  6:04  Probe (Chrono Boost)  
  67  6:05  Pylon  
  68  6:14  Probe (Chrono Boost)  
  68  6:15  Probe (Chrono Boost)  
  68  6:17  Dark Templar  
  70  6:23  Assimilator  
  72  6:25  Probe (Chrono Boost)  
  72  6:26  Probe (Chrono Boost)  
  72  6:31  Dark Templar  
  74  6:36  Probe (Chrono Boost)  
  74  6:38  Probe (Chrono Boost)  
  74  6:43  Nexus  
  74  6:46  Pylon  
  74  6:47  Immortal  
  80  6:57  Gateway  
  78  7:02  Gateway  
  78  7:03  Gateway  
  78  7:04  Sentry  
  78  7:08  Probe x2 (Chrono Boost)  
  76  7:16  Dark Templar  
  76  7:20  Probe (Chrono Boost)  
  76  7:22  Gateway  
  79  7:23  Gateway  
  79  7:24  Observer  
  80  7:30  Sentry, Adept  
  80  7:32  Probe (Chrono Boost)  
  80  7:33  Probe (Chrono Boost)  
  80  7:34  Pylon  
  86  7:42  Probe (Chrono Boost)  
  88  7:45  Probe (Chrono Boost)  
  86  7:51  Dark Templar  
  86  7:53  Stalker x2  
  92  8:03  Stalker x2  
  85  8:17  Dark Templar  
  87  8:20  Adept x4  
  87  8:22  Probe x2 (Chrono Boost)  
  87  8:23  Probe (Chrono Boost)  
  96  8:31  Adept  
  96  8:32  Adept x2  
  99  8:41  Probe (Chrono Boost)  
  97  8:42  Probe (Chrono Boost)  
  97  8:44  Warp Prism  
  97  8:46  Probe (Chrono Boost)  
  98  8:51  Probe (Chrono Boost)  
  98  8:54  Probe (Chrono Boost)  
  96  8:56  Probe (Chrono Boost)  
  96  9:02  Sentry x2, Stalker x3  
  103  9:07  Probe (Chrono Boost)  
  103  9:08  Probe (Chrono Boost)  
  101  9:15  Probe (Chrono Boost)  
  98  9:20  Forge  
  98  9:22  Probe (Chrono Boost)  
  95  9:29  Stalker x4  
  99  9:36  Stalker x3  
  95  9:53  Immortal, Assimilator  
  95  9:54  Protoss Ground Weapons Level 1, Assimilator  
  99  10:01  Probe (Chrono Boost), Sentry, Pylon  
  99  10:02  Probe (Chrono Boost), Dark Templar  
  105  10:13  Probe (Chrono Boost)  
  106  10:19  Adept x5  
  106  10:20  Adept  
  114  10:34  Adept  
  92  10:36  Stalker  
  92  10:39  Stalker x2  
  92  10:40  Stalker x2  
  92  10:45  Adept  
  92  10:46  Adept  
  84  10:57  Dark Templar  
  84  10:59  Stalker  
  86  11:05  Adept x2  
  86  11:08  Adept  
  86  11:09  Adept x2  
  88  11:16  Dark Templar  
  75  11:28  Adept  
  75  11:29  Adept x3  
  75  11:31  Stalker  
  75  11:32  Stalker x2  
  62  11:49  Stalker x4  
  62  11:50  Adept  
  70  11:55  Adept x2  
  70  12:00  Dark Templar  
Show
View Real Time Build Order
Export as new Build Order

Polt Terran - Winner!

Build Orders: 1/1/1, Liberator Opening, MMM Bio 

Get SALT Encoding   

  12  0:00  SCV  
  13  0:12  SCV  
  14  0:17  Supply Depot  
  14  0:25  SCV  
  15  0:38  SCV  
  15  0:40  Barracks  
  16  0:44  Refinery  
  16  0:50  SCV  
  17  1:00  Supply Depot  
  17  1:03  SCV  
  18  1:15  SCV  
  19  1:28  Orbital Command  
  19  1:29  Marine  
  20  1:44  Factory  
  20  1:47  Marine  
  21  1:54  SCV  
  22  2:04  Marine  
  22  2:06  SCV  
  24  2:15  Command Center  
  24  2:18  SCV  
  25  2:28  Hellion  
  25  2:29  Starport  
  27  2:36  Supply Depot  
  27  2:37  SCV  
  28  2:39  Marine  
  29  2:46  Refinery  
  30  2:54  Hellion  
  30  2:57  Marine  
  30  2:58  SCV  
  33  3:09  Medivac  
  33  3:12  SCV  
  36  3:17  Marine  
  36  3:18  Hellion  
  39  3:26  SCV  
  39  3:27  Orbital Command  
  39  3:29  Liberator  
  39  3:45  SCV  
  43  3:49  Barracks Reactor  
  43  3:52  Barracks  
  43  3:54  SCV  
  44  4:02  Barracks, SCV  
  44  4:10  SCV  
  44  4:14  SCV  
  46  4:24  SCV  
  47  4:26  SCV  
  48  4:36  SCV  
  48  4:38  SCV  
  44  4:43  Barracks Tech Lab, Marine x2  
  46  4:48  SCV  
  46  4:50  SCV  
  46  4:51  Factory Tech Lab, Starport Reactor  
  47  4:57  Bunker, Supply Depot  
  47  4:58  Refinery  
  47  4:59  Marine  
  48  5:00  Marine x2, SCV  
  48  5:02  SCV  
  52  5:11  Supply Depot  
  52  5:12  SCV  
  53  5:14  Stimpack, SCV  
  53  5:15  Barracks  
  53  5:16  Barracks  
  53  5:19  Siege Tank  
  57  5:26  SCV x2  
  58  5:29  Supply Depot, Marine x4  
  58  5:33  Supply Depot  
  62  5:37  Medivac x2  
  62  5:39  SCV  
  62  5:40  Engineering Bay, SCV  
  68  5:49  Marauder  
  70  5:51  Marine x3  
  70  5:52  SCV x2  
  70  5:53  Siege Tank  
  78  5:57  Refinery  
  78  6:05  Marine x2  
  78  6:07  Terran Infantry Weapons Level 1  
  78  6:09  Marine x2  
  82  6:13  Supply Depot x2  
  79  6:19  Missile Turret  
  79  6:21  SCV x2  
  77  6:34  Missile Turret  
  77  6:39  SCV  
  72  6:40  Marine x2, SCV  
  72  6:43  Marine  
  76  6:49  Marine  
  73  7:00  Barracks Tech Lab  
  72  7:03  SCV x2  
  72  7:04  Medivac x2  
  78  7:09  Missile Turret  
  77  7:16  Missile Turret  
  77  7:18  Marauder x2  
  77  7:20  Barracks Reactor x3  
  77  7:21  Concussive Shells  
  77  7:22  Barracks Tech Lab  
  81  7:36  Combat Shields  
  81  7:39  SCV x2  
  81  7:41  Supply Depot  
  81  7:43  Supply Depot  
  83  7:48  Marauder x2  
  81  8:07  SCV x2  
  81  8:09  Marine x2, Marauder  
  81  8:10  Marauder x2  
  81  8:11  Liberator x2  
  87  8:14  Marine x2  
  88  8:29  Widow Mine  
  88  8:32  SCV  
  95  8:35  SCV  
  96  8:46  Marauder x3  
  99  8:49  Marine  
  99  8:50  Marine  
  99  8:54  Marine x2  
  98  8:58  Liberator  
  98  9:02  Liberator  
  92  9:09  Marine x2, Marauder  
  94  9:10  Marauder x2  
  94  9:12  Marine x2  
  91  9:24  Widow Mine  
  95  9:35  Marine x2, Marauder x3  
  95  9:37  Marine  
  104  9:38  Marine  
  104  9:44  Supply Depot  
  104  9:45  SCV x2  
  104  9:51  Supply Depot  
  98  9:58  Medivac  
  100  10:02  Medivac  
  102  10:08  Marine x2, Marauder x3  
  102  10:10  Marine x2  
  102  10:12  Liberator  
  112  10:15  Widow Mine, Liberator  
  105  10:40  Marauder  
  105  10:41  Marine x2, Marauder x2  
  110  10:48  Marine x2  
  108  10:53  Widow Mine  
  110  11:08  Marine x4, Marauder x3  
  113  11:16  Medivac x2  
  111  11:26  Widow Mine  
  113  11:36  Marine x2  
  113  11:37  Marine, Marauder x3  
Tags
 
Add a new tag
Caveats
  • Supply blocks, unpowered buildings, or Contaminate may cause inaccurate times.
  • Supply counts are checked every 10 seconds.